 Dungeon Crawl Stone Soup version 0.28.0-53-g5a82cb258f (webtiles) character file.

Game seed: 12121256710213627116

1348 Diggabert the Poker (level 8, -4/42 HPs)
             Began as a Vine Stalker Gladiator on Aug 13, 2022.
             Was a Follower of Dithmenos.
             Killed from afar by an acid dragon (13 damage)
             ... with a splash of acid
             ... on level 5 of the Dungeon.
             The game lasted 00:07:13 (3678 turns).

Diggabert the Poker (Vine Stalker Gladiator)        Turns: 3678, Time: 00:07:13

Health: -4/42      AC:  9    Str: 19    XL:     8   Next: 62%
Magic:  0/3        EV:  9    Int:  8    God:    Dithmenos [*.....]
Gold:   172        SH:  0    Dex: 16    Spells: 7/7 levels left

rFire   . . .      SeeInvis .   B - +4 spear (antimagic)
rCold   + . .      Faith    .   (no shield)
rNeg    + . .      Spirit   +   u - +1 chain mail of Anaesthesia {rC+ rN+}
rPois   .          Reflect  .   c - +1 helmet
rElec   .          Harm     .   (no cloak)
rCorr   .          Rampage  .   w - +0 pair of gloves
Will    +....                   (no boots)
Stlth   ..........              v - amulet of the acrobat
HPRegen 0.94/turn               (no ring)
MPRegen 0.08/turn               (no ring)

@: corroded, wreathed by umbra
A: fangs 3, regeneration 1, magic shield, antimagic bite, no potion heal 2
a: Renounce Religion


You were on level 5 of the Dungeon.
You worshipped Dithmenos.
Dithmenos was aware of your devotion.
You visited 2 branches of the dungeon, and saw 6 of its levels.

You collected 172 gold pieces.

Inventory:

Hand Weapons
 a - a +0 vorpal trident
 B - a +4 antimagic spear (weapon)
Missiles
 d - 2 throwing nets (quivered)
 p - 5 poisoned darts
Armour
 c - a +1 helmet (worn)
 u - the +1 chain mail of Anaesthesia (worn) {rC+ rN+}
   (You found it on level 3 of the Dungeon)

   rC:        It protects you from cold.
   rN:        It protects you from negative energy.
 w - a +0 pair of gloves (worn)
Jewellery
 v - an amulet of the acrobat (around neck)
 A - the ring "Tagranom" {rPois rF- Will+ Slay-3 SInv}
   (You found it on level 5 of the Dungeon)

   [ring of willpower]

   Slay:      It affects your accuracy & damage with ranged weapons and melee
   (-3).
   rF:        It makes you vulnerable to fire.
   rPois:     It protects you from poison.
   SInv:      It lets you see invisible.
   Will:      It increases your willpower.
Wands
 o - a wand of polymorph (11)
 q - a wand of flame (8)
 y - a wand of mindburst (12)
Scrolls
 b - 2 scrolls of immolation {unknown}
 e - a scroll of enchant armour
 h - 2 scrolls of brand weapon
 i - a scroll of fog
 j - a scroll of noise {unknown}
 l - a scroll of fear {unknown}
 m - a scroll of vulnerability {unknown}
 r - a scroll of teleportation {unknown}
 s - a scroll of enchant weapon {unknown}
Potions
 f - a potion of haste
 g - a potion of magic {unknown}
 k - 2 potions of curing
 n - a potion of brilliance {unknown}
 t - 2 potions of resistance {unknown}
 x - a potion of mutation {unknown}
 z - a potion of degeneration {unknown}


   Skills:
 * Level 4.0 Fighting
 * Level 7.0 Polearms
 - Level 1.7 Throwing
 * Level 4.0 Armour
 * Level 3.9 Dodging


You had 7 spell levels left.
You didn't know any spells.
Your spell library contained the following spells:

 Spells                   Type           Power      Damage    Failure   Level
 Shock                    Conj/Air       0%         1d3       99%         1


Dungeon Overview and Level Annotations

Branches:
Dungeon (5/15)             Temple (1/1) D:4

Altars:
Cheibriados
Dithmenos
Fedhas
Gozag
Nemelex Xobeh
Okawaru
Trog
Uskayaw
Vehumet
The Shining One

Shops:
D:4 *


Innate Abilities, Weirdness & Mutations

You have razor-sharp teeth.
Your natural rate of healing is unusually fast.
When hurt, damage is shared between your health and your magic reserves.
Your bite disrupts and absorbs the magic of your enemies.
Potions cannot restore your health.


Message History

The orc priest is almost dead.
The orc barely misses you. The orc priest closely misses you.
You hit the orc priest.
You kill the orc priest!
Dithmenos accepts your kill. The orc hits you but does no damage.
Your Fighting skill increases to level 4!
Your Polearms skill increases to level 7!
Your Armour skill increases to level 4!
The acid dragon spits acid at you. The splash of acid hits you!!
Ouch! That really hurt!
The acid corrodes you! The orc barely misses you. x2
Unknown command.
The centaur zombie misses you.
The centaur zombie completely misses you.
The acid dragon barely misses you. x2
The centaur zombie completely misses you. x2
You hit the acid dragon. Your bite misses the acid dragon.
The acid dragon is lightly wounded.
The acid dragon bites you.
The acid dragon claws you but does no damage.
The orc hits you but does no damage.
You closely miss the acid dragon. Your bite misses the acid dragon.
The acid dragon is lightly wounded.
The centaur zombie misses you.
The centaur zombie kicks you but does no damage.
The orc hits you but does no damage. The acid dragon bites you!
* * * LOW HITPOINT WARNING * * *
The acid dragon barely misses you. The orc barely misses you.
You hit the acid dragon but do no damage.
You bite the acid dragon, but do no damage.
The acid dragon is lightly wounded.
The centaur zombie hits you but does no damage.
The centaur zombie kicks you but does no damage.
The orc hits you with a +0 dagger.
* * * LOW HITPOINT WARNING * * *
The acid dragon spits acid at you. The splash of acid hits you!
You die...

###### #..... ###########
#####.####
..........#######.. #.#
................... #.####
......).o..#### #.# #..)..
........o@.######.########
........ZD................
#######+#.#...###.########
#.###...#.######## #..
###........... ..#.
###......... ...
#######... .... ..###..#
..$ ##...####


You could see an acid dragon (catching breath), 2 orcs and a centaur zombie.

Vanquished Creatures
  Pikel (D:5)
  Duvessa (D:4)
  An ice beast (D:5)
  4 lemures (D:4)
  A phantom (D:4)
  Dowan (D:4)
  A water moccasin skeleton (D:4)
  A centaur zombie (D:5)
  A bullfrog zombie (D:5)
  A jelly (D:4)
  An orc priest (D:5)
  2 bullfrog skeletons
  4 iguanas
  4 gnolls (D:5)
  10 adders
  An ufetubus (D:3)
  An adder zombie (D:5)
  2 adder skeletons (D:4)
  A worm (D:2)
  3 dart slugs
  13 orcs
  3 bats
  7 endoplasms
  4 giant cockroaches
  6 goblins
  4 hobgoblins
  3 jackals (D:2)
  8 kobolds
  5 quokkas
  5 ball pythons
  3 frilled lizards
  9 rats
112 creatures vanquished.

Notes
Turn   | Place    | Note
-------+----------+-------------------------------------------
     0 | D:1      | Diggabert the Vine Stalker Gladiator began the quest for
                  | the Orb.
     0 | D:1      | Reached XP level 1. HP: 11/11 MP: 2/2
   149 | D:1      | Reached XP level 2. HP: 15/15 MP: 3/3
   169 | D:1      | Reached skill level 3 in Polearms
   513 | D:1      | Reached XP level 3. HP: 18/18 MP: 4/4
  1558 | D:2      | Gained mutation: Your natural rate of healing is unusually
                  | fast. [Vine Stalker growth]
  1558 | D:2      | Reached XP level 4. HP: 23/23 MP: 5/5
  1560 | D:2      | Found a faded altar of an unknown god.
  1565 | D:2      | Got Plato's Reference Book on Air
  1690 | D:2      | Reached skill level 1 in Armour
  1934 | D:3      | Found a sparkling altar of Nemelex Xobeh.
  2044 | D:3      | Identified the +1 chain mail of Anaesthesia {rC+ rN+}
  2486 | D:3      | Reached XP level 5. HP: 26/26 MP: 6/6
  2690 | D:4      | Noticed Duvessa
  2694 | D:4      | Reached skill level 4 in Polearms
  2695 | D:4      | Noticed Dowan
  2699 | D:4      | Killed Duvessa
  2708 | D:4      | Reached XP level 6. HP: 23/32 MP: 4/7
  2720 | D:4      | Killed Dowan
  2790 | D:4      | Found Lybb's Assorted Antiques.
  2806 | D:4      | Reached skill level 5 in Polearms
  2841 | D:4      | Found a staircase to the Ecumenical Temple.
  2863 | Temple   | Entered the Ecumenical Temple
  2889 | Temple   | Became a worshipper of Dithmenos the Shadowed
  2939 | D:4      | Reached XP level 7. HP: 28/35 MP: 5/8
  3331 | D:5      | Entered Level 5 of the Dungeon
  3331 | D:5      | Noticed Pikel
  3413 | D:5      | Killed Pikel
  3414 | D:5      | Reached skill level 6 in Polearms
  3414 | D:5      | Gained mutation: You have razor-sharp teeth. [Vine Stalker
                  | growth]
  3414 | D:5      | Reached XP level 8. HP: 28/42 MP: 6/9
  3454 | D:5      | Reached * piety under Dithmenos
  3459 | D:5      | Found an iron altar of Okawaru.
  3475 | D:5      | Identified the ring "Tagranom" {rPois rF- Will+ Slay-3
                  | SInv}
  3674 | D:5      | Reached skill level 7 in Polearms
  3678 | D:5      | Killed from afar by an acid dragon

Illustrated notes

Levels and vault maps discovered:
D:1:      dpeg_arrival_water_fire, layout_rooms
D:2:      minmay_spotlight, layout_loops_ring,
          shapermc_ecumenical_altar_rom_forum
D:3:      layout_basic, nemelex_spade_bored_becter, minmay_close_crescents
D:4:      layout_gridville, minmay_temple_entry_butterflies, serial_shops, shop,
          uniq_duvessa
D:5:      minmay_skewed_foursquare, layout_basic, okawaru_gym_becter,
          gammafunk_ghost_arena, uniq_pikel
Temple:   eino_temple_scatter_basement

Skill      XL: |  1  2  3  4  5  6  7  8 |
---------------+-------------------------+-----
Polearms       | 3 4 5 6 7 |  7.0
Fighting       | 2 3 4 |  4.0
Armour         | 1 2 3 4 |  4.0
Dodging        | 3 |  3.9
Throwing       | |  1.7

Action                   |  1- 3 |  4- 6 |  7- 9 || total
-------------------------+-------+-------+-------++-------
Melee: Trident           |   102 |   116 |   168 ||   386
       Bite              |    11 |    18 |    51 ||    80
       Punch             |       |     1 |     6 ||     7
       Spear             |       |       |     8 ||     8
Throw: Throwing net      |       |       |     1 ||     1
  Use: Scroll            |       |     6 |       ||     6
 Stab: Sleeping          |     5 |       |       ||     5
       Held in net/web   |       |       |     3 ||     3
Armor: Leather armour    |    32 |     6 |       ||    38
       Chain mail        |       |    45 |   110 ||   155
Dodge: Dodged            |    61 |    44 |    85 ||   190
